 Dungeon Crawl Stone Soup version 0.22.0 (webtiles) character file.

2083 CyclopB the Cleaver (level 9, 0/82 HPs)
             Began as a Gargoyle Gladiator on Jan 12, 2019.
             Slain by an orc warrior
             ... wielding a +0 glaive
              (9 damage)
             ... on level 6 of the Dungeon.
             The game lasted 00:26:54 (6957 turns).

CyclopB the Cleaver (Gargoyle Gladiator)            Turns: 6957, Time: 00:26:55

Health: 0/82       AC: 24    Str: 17    XL:     9   Next: 27%
Magic:  9/9        EV:  2    Int: 10    God:
Gold:   181        SH:  0    Dex: 14    Spells: 8/8 levels left

rFire    . . .     SeeInvis +   B - +0 war axe (drain)
rCold    . . .     Gourm    .   (no shield)
rNeg     + + +     Faith    .   (armour currently unavailable)
rPois    ∞         Spirit   .   (helmet currently unavailable)
rElec    .         Reflect  .   (cloak currently unavailable)
rCorr    .         Harm     .   (gloves currently unavailable)
MR       .....     NoTele   +   (boots currently unavailable)
Stlth    +.........             (no amulet)
HPRegen  0.23/turn              k - ring of see invisible
MPRegen  0.11/turn              (no ring)

@: tree-form
A: negative energy resistance 1, petrification resistance, rot immunity, AC +6
a: no special abilities


You were on level 6 of the Dungeon.
You were not hungry.
You were a tree.
You visited 1 branch of the dungeon, and saw 6 of its levels.

You collected 181 gold pieces.

Inventory:

Hand Weapons
 B - a +0 war axe of draining (weapon)
Missiles
 d - 2 throwing nets
 l - 57 stones
 m - 15 tomahawks (quivered)
 q - 98 arrows
 r - 19 bolts
 v - 20 sling bullets
 y - 3 silver tomahawks
Armour
 b - a +0 chain mail
 c - a +0 helmet (melded)
 g - a +0 ring mail (melded)
 t - a +0 pair of gloves (melded)
Jewellery
 k - a ring of see invisible (left branch)
Scrolls
 a - a scroll of fear {unknown}
 e - 4 scrolls of remove curse
 i - 2 scrolls of teleportation
 j - 2 scrolls of random uselessness {unknown}
 n - 4 scrolls of identify
 p - 3 scrolls of immolation
 s - a scroll of blinking {unknown}
 u - 2 scrolls of fog
 w - 2 scrolls of amnesia {unknown}
 x - 2 scrolls of magic mapping {unknown}
Potions
 h - a potion of agility
 o - a potion of lignification
 z - a potion of mutation {unknown}
Comestibles
 f - 9 rations


   Skills:
 + Level 6.0 Fighting
 + Level 10.0 Axes
 - Level 2.0 Throwing
 - Level 3.0 Dodging


You had 8 spell levels left.
You didn't know any spells.
Your spell library contained the following spells:

 Spells                   Type           Power        Failure   Level  Hunger
 Magic Dart               Conj           #...         36%         1    ##.....
 Iskenderun's Mystic Bla  Conj           #.......     98%         4    #####..
 Fulminant Prism          Conj/Hex       #.........   98%         4    #####..
 Dazzling Spray           Conj/Hex       #.....       75%         3    ####...
 Force Lance              Conj/Tloc      #.......     98%         4    #####..
 Searing Ray              Conj           #.....       50%         2    ###....


Dungeon Overview and Level Annotations

Branches:
Dungeon (6/15)
 Temple: D:4-7

Altars:
Dithmenos
Hepliaklqana
Okawaru
Qazlal

Shops:
D:5 [

Annotations:
D:4 Sigmund


Innate Abilities, Weirdness & Mutations

You are resistant to torment.
((Your stone body is resilient. (AC +6)))
You are immune to poison.
You resist negative energy. (rN+)
((You are resistant to electric shocks. (rElec)))
((You can survive without breathing.))
You are immune to petrification.
You are immune to rotting.


Message History

Your +0 pair of gloves melds into your body.
Your +0 ring mail melds into your body.
Your roots penetrate the ground.
The orc warrior hits you but does no damage.
The orc wizard hits you but does no damage.
You hit the orc warrior but do no damage.
The orc warrior is almost dead.
You hit the orc wizard but do no damage.
You drain the orc wizard!
The orc wizard hits you but does no damage.
The orc warrior hits you with a glaive!
* * * LOW HITPOINT WARNING * * *
The orc wizard barely misses you.
You closely miss the orc warrior.
The orc warrior is almost dead.
You slash the orc wizard! You drain the orc wizard!
You kill the orc wizard!
Your Fighting skill increases to level 6!
Your Axes skill increases to level 10!
The orc warrior hits you with a glaive!
You die...

#.# ###..#.#...........#
##.#### #...##.#.#####...##
......# #......#.# ##.....##
##.##.# #........# #.......#
##.##.# #####.#### #.......#
##..#.# ##'## #.......#
###.#.# ##...## ##.....##
..._..# ##....<## ##....#
###.### ##.....♣.## #..#.#
###...####......o).####....#
.........'.........[.[)....#
###...####.......>.####....#
#...## ##.......## #..#.#
#.### ##.....### #....# #.#
##......# ##.### #.#
##+#.#.# #.# #.# #.#.#.# #.#


You could see an orc warrior.

Vanquished Creatures
  Grinder (D:6)
  A sky beast (D:6)
  3 orc warriors
  A phantom (D:5)
  2 ogres
  A centaur (D:6)
  A scorpion (D:5)
  5 wights (D:6)
  2 crimson imps
  2 hounds (D:6)
  5 orc priests
  8 orc wizards
  A gnoll shaman (D:5)
  2 iguanas
  Terence (D:2)
  A worker ant (D:4)
  12 gnolls
  8 adders
  2 oozes (D:1)
  3 worms
  A dart slug (D:3)
  4 leopard geckos
  33 orcs
  A ball python (D:2)
  5 giant cockroaches
  2 goblins
  8 hobgoblins
  A quokka (D:6)
  9 bats
  3 frilled lizards (D:1)
  6 kobolds
  2 quokka skeletons (D:6)
  13 rats
150 creatures vanquished.

Notes
Turn   | Place    | Note
-------+----------+-------------------------------------------
     0 | D:1      | CyclopB the Gargoyle Gladiator began the quest for the Orb.
     0 | D:1      | Reached XP level 1. HP: 12/12 MP: 1/1
   166 | D:1      | Reached XP level 2. HP: 14/17 MP: 2/2
   307 | D:1      | Reached skill level 3 in Axes
   359 | D:1      | Reached XP level 3. HP: 17/21 MP: 3/3
   935 | D:2      | Reached skill level 4 in Axes
   935 | D:2      | Reached XP level 4. HP: 22/26 MP: 4/4
   998 | D:2      | Found a shadowy altar of Dithmenos.
  1414 | D:2      | Noticed Terence
  1430 | D:2      | Killed Terence
  1723 | D:3      | Reached XP level 5. HP: 27/30 MP: 5/5
  1769 | D:3      | Found a hazy altar of Hepliaklqana.
  1839 | D:3      | Reached skill level 5 in Axes
  2065 | D:3      | Found an iron altar of Okawaru.
  2303 | D:3      | Reached XP level 6. HP: 36/36 MP: 6/6
  2825 | D:4      | Noticed Sigmund
  3044 | D:4      | Reached skill level 6 in Axes
  3084 | D:4      | Reached XP level 7. HP: 3/40 MP: 7/7
  3584 | D:5      | Entered Level 5 of the Dungeon
  3608 | D:5      | Reached skill level 7 in Axes
  4022 | D:5      | Found Ucvan's Antique Armour Shop.
  4304 | D:5      | Reached XP level 8. HP: 26/48 MP: 8/8
  4666 | D:5      | Reached skill level 8 in Axes
  5733 | D:6      | Reached skill level 9 in Axes
  5876 | D:6      | Reached skill level 5 in Fighting
  5910 | D:6      | Found a stormy altar of Qazlal.
  6581 | D:6      | Reached XP level 9. HP: 54/54 MP: 9/9
  6586 | D:6      | Noticed Grinder
  6686 | D:6      | Paralysed by Grinder for 4 turns
  6696 | D:6      | Paralysed by Grinder for 4 turns
  6700 | D:6      | Killed Grinder
  6957 | D:6      | Reached skill level 10 in Axes
  6957 | D:6      | Slain by an orc warrior

Skill      XL: |  1  2  3  4  5  6  7  8  9 |
---------------+----------------------------+-----
Axes           | 3 4 5 6 7 9 10 | 10.0
Dodging        | 3 |  3.0
Fighting       | 3 5 6 |  6.0
Throwing       | 2 |  2.0

Action                   |  1- 3 |  4- 6 |  7- 9 || total
-------------------------+-------+-------+-------++-------
Melee: War axe           |    89 |   154 |   332 ||   575
Throw: Stone             |       |    27 |    78 ||   105
       Throwing net      |       |     2 |       ||     2
       Tomahawk          |       |       |     9 ||     9
  Use: Potion            |       |     2 |     3 ||     5
       Scroll            |       |     1 |     3 ||     4
  Eat: Chunk             |       |     7 |    13 ||    20
Armor: Leather armour    |     7 |       |       ||     7
       Ring mail         |    37 |    77 |   122 ||   236
       Skin              |       |       |    23 ||    23
Dodge: Dodged            |    76 |   104 |   185 ||   365
